 Dungeon Crawl Stone Soup version 0.23-a0-32-g1388f29 (webtiles) character file.

350 Gergoth the Skirmisher (level 6, -1/68 HPs)
             Began as an Ogre Fighter on Aug 4, 2018.
             Slain by an orc wizard
             ... wielding a +0 dagger
              (2 damage)
             ... on level 4 of the Dungeon.
             The game lasted 00:04:36 (4309 turns).

Gergoth the Skirmisher (Ogre Fighter)               Turns: 4309, Time: 00:04:37

Health: -1/68      AC:  4    Str: 22    XL:     6   Next: 61%
Magic:  6/6        EV:  8    Int: 10    God:
Gold:   179        SH:  9    Dex:  8    Spells: 5/5 levels left

rFire    + . .     SeeInvis .   a - +0 flail
rCold    + . .     Gourm    .   c - +0 shield
rNeg     . . .     Faith    .   s - +0 animal skin
rPois    +         Spirit   .   (helmet restricted)
rElec    +         Reflect  .   q - +0 cloak
rCorr    +         Harm     .   (gloves unavailable)
MR       .....                  (boots unavailable)
Stlth    +.........             (no amulet)
HPRegen  0.21/turn              (no ring)
MPRegen  0.10/turn              (no ring)

@: resistant
A: large, unfitting armour, tough skin 1
a: no special abilities


You were on level 4 of the Dungeon.
You were not hungry.

You visited 1 branch of the dungeon, and saw 4 of its levels.

You collected 179 gold pieces.

Inventory:

Hand Weapons
 a - a +0 flail (weapon)
 v - a +0 giant club
Missiles
 y - 4 tomahawks (quivered)
Armour
 c - a +0 shield (worn)
 q - a +0 cloak (worn)
 s - a +0 animal skin (worn)
Jewellery
 o - a cursed ring of teleportation {unknown}
 B - an uncursed ring of stealth {unknown}
Wands
 w - a wand of random effects (35)
Scrolls
 b - a scroll of magic mapping {unknown}
 e - a scroll of fear {unknown}
 g - 5 scrolls of teleportation
 h - a scroll of remove curse
 k - a scroll of enchant armour {unknown}
 m - a scroll of random uselessness {unknown}
 n - 2 scrolls of fog {unknown}
 A - a scroll of identify
Potions
 i - a potion of lignification {unknown}
 j - a potion of haste {unknown}
 l - 2 potions of resistance
 p - 4 potions of curing {unknown}
 r - a potion of ambrosia {unknown}
 t - a potion of heal wounds {unknown}
 u - 2 potions of mutation {unknown}
 x - a potion of berserk rage {unknown}
 z - a potion of agility {unknown}
Comestibles
 f - 6 rations


   Skills:
 + Level 6.4 Fighting
 + Level 3.7 Maces & Flails
 - Level 2.6 Dodging
 + Level 4.3 Shields


You had 5 spell levels left.
You didn't know any spells.
Your spell library was empty.

Dungeon Overview and Level Annotations

Branches:
Dungeon (4/15)
 Temple: D:4-7

Altars:
Elyvilon
Uskayaw


Innate Abilities, Weirdness & Mutations

You are too large for most types of armour.
You have tough skin. (AC +1)


Message History

The orc priest begins to cast a cantrip, but forgets the words!
The orc priest invokes the aid of Beogh against you.
Beogh smites you!
* * * LOW HITPOINT WARNING * * *
You closely miss the orc wizard. The orc wizard closely misses you.
The orc wizard barely misses you.
You hit the orc wizard.
The orc wizard is lightly wounded.
The orc wizard hits you with a dagger.
* * * LOW HITPOINT WARNING * * *
The orc wizard completely misses you.
You sock the orc wizard!
The orc wizard is severely wounded.
The orc wizard hits you with a dagger.
* * * LOW HITPOINT WARNING * * *
You feel protected. You block the orc wizard's attack.
The orc hits you with a flail.
* * * LOW HITPOINT WARNING * * *
The orc wizard hits you with a dagger.
You die...

.[..##....#.......#
....#.....#.......#
.<..#....##.......#
....#....###.....## ...##..###
##...## ...##.########'####
...##.............#
...##.............#
...##...........@o#
...#####'########o# ...#
##...## ###.o#
...###.....###....#
...##......)##....# .....#
...##.......#.o...# .....#
...##(......#....## .....#
...###.....##.oo.# ....#
....###...###..########....###


You could see an orc wizard and 2 orcs.

Vanquished Creatures
  An ogre (D:4)
  An orc priest (D:4)
  Terence (D:3)
  A worker ant (D:3)
  A hound skeleton (D:3)
  Robin (D:3)
  A gnoll (D:2)
  7 adders
  An adder skeleton (D:4)
  2 dart slugs
  4 leopard geckos
  4 orcs
  A ball python (D:1)
  4 bats
  4 giant cockroaches
  13 goblins
  8 hobgoblins
  9 jackals
  A quokka (D:2)
  5 frilled lizards
  5 kobolds
  6 rats
81 creatures vanquished.

Notes
Turn   | Place    | Note
-------+----------+-------------------------------------------
     0 | D:1      | Gergoth the Ogre Fighter began the quest for the Orb.
     0 | D:1      | Reached XP level 1. HP: 24/24 MP: 1/1
   180 | D:1      | Reached XP level 2. HP: 27/32 MP: 2/2
   419 | D:1      | Reached XP level 3. HP: 40/40 MP: 3/3
   829 | D:2      | Found a faded altar of an unknown god.
   958 | D:2      | Found a white marble altar of Elyvilon.
  1575 | D:2      | Reached skill level 5 in Fighting
  1575 | D:2      | Reached XP level 4. HP: 44/50 MP: 4/4
  2330 | D:3      | Noticed Terence
  2339 | D:3      | Killed Terence
  2526 | D:3      | Reached XP level 5. HP: 57/57 MP: 5/5
  2979 | D:3      | Noticed Robin
  3434 | D:3      | Killed Robin
  3727 | D:4      | Found a hide-covered altar of Uskayaw.
  3743 | D:4      | Noticed an ogre
  3750 | D:4      | Killed an ogre
  3750 | D:4      | Reached skill level 6 in Fighting
  3750 | D:4      | Reached XP level 6. HP: 67/67 MP: 6/6
  4309 | D:4      | HP: 1/68 [orc/flail (6)]
  4309 | D:4      | Slain by an orc wizard

Vault maps used:
D:1:      minmay_arrival_solitary_statue
D:2:      wad_river_or_something, elyvilon_altar_3, first_ration,
          chequers_ecumenical_altar_twisty
D:3:      uniq_robin, uniq_terence
D:4:      minmay_opposing_rooms, lemuel_crystal_altar

Skill      XL: |  1  2  3  4  5 |
---------------+----------------+-----
Maces & Flails | 2 3 |  3.7
Shields        | 3 4 |  4.3
Fighting       | 5 6 |  6.4
Dodging        | |  2.6

Action                   |  1- 3 |  4- 6 || total
-------------------------+-------+-------++-------
Melee: Flail             |   101 |   171 ||   272
  Use: Potion            |       |     2 ||     2
       Scroll            |       |     3 ||     3
 Stab: Sleeping          |     1 |     1 ||     2
       Distracted        |       |     1 ||     1
  Eat: Chunk             |     2 |     6 ||     8
       Ration            |       |     1 ||     1
Armor: Robe              |    37 |    46 ||    83
       Animal skin       |       |     9 ||     9
Dodge: Dodged            |    33 |    85 ||   118
Block: Shield            |    51 |   113 ||   164

Table legend:
 A = Spawn XP
 B = Non-spawn XP
 C = Spawn XP percentage of total XP
 D = Spawn monster count
 E = Non-spawn monster count
 F = Spawn count percentage of total count
 G = Total turns spent on level
                    A         B        C        D         E        F      G
               +---------+---------+-------+---------+---------+-------+---------
         Total |       0 |     501 |   0.0 |       0 |      81 |   0.0 |  4309
               +---------+---------+-------+---------+---------+-------+---------
           D:1 |       0 |      40 |   0.0 |       0 |      20 |   0.0 |   801
           D:2 |       0 |      98 |   0.0 |       0 |      24 |   0.0 |  1947
           D:3 |       0 |     175 |   0.0 |       0 |      30 |   0.0 |  1220
           D:4 |       0 |     188 |   0.0 |       0 |       7 |   0.0 |   341
               +---------+---------+-------+---------+---------+-------+---------
